 Dungeon Crawl Stone Soup version 0.27-a0-1525-g1038ab4fd7 (webtiles) character file.

Game seed: 18259846053704948220

35 raph the Digger (level 3, -2/19 HPs)
             Began as a Deep Elf Earth Elementalist on July 10, 2021.
             Slain by an iguana (11 damage)
             ... on level 2 of the Dungeon.
             The game lasted 00:02:12 (1188 turns).

raph the Digger (Deep Elf Earth Elementalist)       Turns: 1188, Time: 00:02:13

Health: -2/19      AC:  2    Str:  5    XL:     3   Next: 17%
Magic:  2/9        EV: 12    Int: 20    God:
Gold:   66         SH:  0    Dex: 15    Spells: 2/8 levels left

rFire    . . .     SeeInvis .   f - +2 short sword (drain)
rCold    . . .     Faith    .   (no shield)
rNeg     + . .     Spirit   .   b - +0 robe
rPois    .         Reflect  .   (no helmet)
rElec    .         Harm     .   (no cloak)
rCorr    .         Rampage  .   (no gloves)
Will     .....                  (no boots)
Stlth    ++........             i - amulet of magic regeneration
HPRegen  0.06/turn              a - ring of wizardry
MPRegen  0.36/turn              e - ring of positive energy

@: no status effects
A: no striking features
a: no special abilities


You were on level 2 of the Dungeon.
You visited 1 branch of the dungeon, and saw 2 of its levels.

You collected 66 gold pieces.

Inventory:

Hand Weapons
 f - a +2 short sword of draining (weapon)
 l - a +0 rapier
Missiles
 c - 93 stones
Armour
 b - a +0 robe (worn)
Jewellery
 a - a ring of wizardry (left hand)
 e - a ring of positive energy (right hand)
 i - an amulet of magic regeneration (around neck)
Scrolls
 g - a scroll of fog {unknown}
 h - a scroll of enchant weapon {unknown}
 j - a scroll of amnesia {unknown}
 k - 2 scrolls of identify {unknown}
Potions
 d - a potion of curing {unknown}


   Skills:
 - Level 2.4 Dodging
 - Level 2.4 Stealth
 - Level 3.0 Spellcasting
 - Level 1.1 Transmutations
 + Level 4.8 Earth Magic


You had 2 spell levels left.
You knew the following spells:

 Your Spells              Type           Power      Damage    Failure   Level
a - Sandblast             Erth           44%        2d11      1%          1
b - Passwall              Tmut/Erth      11%        N/A       2%          2
c - Stone Arrow           Conj/Erth      24%        3d8       6%          3

Your spell library contained the following spells:

 Spells                   Type           Power      Damage    Failure   Level
 Corona                   Hex            3%         N/A       6%          1
 Ensorcelled Hibernation  Hex/Ice        6%         N/A       9%          2
 Tukima's Dance           Hex            3%         N/A       16%         3
 Petrify                  Tmut/Erth      14%        N/A       16%         4


Dungeon Overview and Level Annotations

Branches:
Dungeon (2/15)

Altars:


Message History

Okay, then.
Unknown command.
Casting: Sandblast (safe; 1% risk of failure)
Confirm with . or Enter, or press ? or * to list all spells.
Aiming: Stone Arrow (quite dangerous; 6% risk of failure)
Press: ? - help, Shift-Dir - straight line, f - quokka
Aim: a quokka (asleep, 100% to hit)
The stone arrow hits the quokka!
You kill the quokka!
Magic restored.
You now have 66 gold pieces (gained 11).
An iguana comes into view.
The iguana hisses angrily.
Casting: Stone Arrow (quite dangerous; 6% risk of failure)
Confirm with . or Enter, or press ? or * to list all spells.
Aiming: Stone Arrow (quite dangerous; 6% risk of failure)
Press: ? - help, Shift-Dir - straight line, f - iguana
Aim: an iguana (72% to hit)
The stone arrow misses the iguana.
The iguana closely misses you.
Casting: Stone Arrow (quite dangerous; 6% risk of failure)
Confirm with . or Enter, or press ? or * to list all spells.
Aiming: Stone Arrow (quite dangerous; 6% risk of failure)
Press: ? - help, Shift-Dir - straight line, f/p - iguana
Aim: an iguana (72% to hit)
The stone arrow hits the iguana but does no damage.
The iguana barely misses you.
Aiming: Sandblast (safe; 1% risk of failure)
Press: ? - help, Q - select action, (/) - cycle Shift-Dir - straight line, f/p - iguana
Aim: an iguana (83% to hit)
The blast of sand misses the iguana.
The iguana bites you!
Ouch! That really hurt!
Aiming: Sandblast (safe; 1% risk of failure)
Press: ? - help, Q - select action, (/) - cycle Shift-Dir - straight line, f/p - iguana
Aim: an iguana (83% to hit)
The blast of sand hits the iguana!
The iguana is heavily wounded.
The iguana bites you!
Ouch! That really hurt!
You die...

#.##.# #.##.#
#.##.# ..##.#
#.##.# #.##.#
#.####### #.##.##
#.....l.# #.#.#.#
#@# #..###.
#.############.#.#
#.................
###########.###.##
#.# #... #.###.##
#.....# #######


You could see an iguana.

Vanquished Creatures
  An adder (D:2)
  A bat (D:1)
  2 endoplasms (D:1)
  2 giant cockroaches (D:1)
  3 hobgoblins
  3 quokkas
  3 ball pythons (D:1)
  3 frilled lizards (D:1)
  5 kobolds
  2 rats (D:1)
25 creatures vanquished.

Notes
Turn   | Place    | Note
-------+----------+-------------------------------------------
     0 | D:1      | raph the Deep Elf Earth Elementalist began the quest for
                  | the Orb.
     0 | D:1      | Reached XP level 1. HP: 10/10 MP: 6/6
   176 | D:1      | Reached XP level 2. HP: 15/15 MP: 5/8
   218 | D:1      | Reached skill level 4 in Earth Magic
   221 | D:1      | Learned a level 2 spell: Passwall
   884 | D:2      | Reached XP level 3. HP: 19/19 MP: 7/9
   888 | D:2      | Learned a level 3 spell: Stone Arrow
  1188 | D:2      | Slain by an iguana

Illustrated notes

Levels and vault maps discovered:
D:1:      minmay_arrival_solitary_statue, layout_loops_cross
D:2:      layout_loops_ring, hellmonk_ecumenical_altar_watching_god,
          hangedman_decor_peaks_small, nrook_campfire, kennysheep_nondescript,
          serial_bayou_pond_a, uniq_crazy_yiuf_cottage

Skill      XL: |  1  2 |
---------------+-------+-----
Earth Magic    | 4 |  4.8
Dodging        | |  2.4
Stealth        | |  2.4
Spellcasting   | |  3.0
Transmutations | |  1.1

Action                   || total
-------------------------++-------
Melee: Short sword       ||     4
 Cast: Sandblast         ||    33
       Stone Arrow       ||     3
Armor: Robe              ||     3
Dodge: Dodged            ||     9

Table legend: (Time is in decaauts)
 A = Elapsed time spent in this place.
 B = Non-inter-level travel time spent in this place.
 C = Inter-level travel time spent in this place.
 D = Time resting spent in this place.
 E = Time spent auto-exploring this place.
 F = Levels seen in this place.
 G = Mean time per level.
                   A        B        C        D        E       F      G
               +--------+--------+--------+--------+--------+-----+--------+
         Total |   1186 |   1167 |     19 |    247 |    717 |   2 |  593.0 |
       Dungeon |   1186 |   1167 |     19 |    247 |    717 |   2 |  593.0 |
               +--------+--------+--------+--------+--------+-----+--------+

Top non-repeatable levels by time:
     D:1: 791 daAuts
     D:2: 394 daAuts
